 Dungeon Crawl Stone Soup version 0.31-a0-431-g88bdf31460 (webtiles) character file.

Game seed: 12376141001233872157

44 Dirtsage the Ruffian (level 3, -1/26 HPs)
             Began as a Demonspawn Shapeshifter on July 31, 2023.
             Slain by a black bear (3 damage)
             ... on level 2 of the Dungeon.
             The game lasted 00:02:36 (922 turns).

Dirtsage the Ruffian (Demonspawn Shapeshifter)       Turns: 922, Time: 00:02:36

Health: -1/26      AC:  2    Str: 17    XL:     3   Next: 41%
Magic:  3/3        EV: 14    Int:  9    God:
Gold:   68         SH:  0    Dex: 13    Spells: 2/2 levels left

rFire   . .          .
                       - Unarmed
rCold   . . .        (no shield)
rNeg    . . .        a - +0 animal skin
rPois   .            (helmet currently unavailable)
rElec   .            (cloak currently unavailable)
rCorr   .            (gloves currently unavailable)
SInv    .            (boots currently unavailable)
Will    .....        (no amulet)
Stlth   +            (no ring)
HPRegen 0.24/turn    (no ring)
MPRegen 0.08/turn

%: no passive effects
@: beast-form
A: beast (slay +2), repulsion field 1, demonic guardian 1
a: Begin Untransformation


You were on level 2 of the Dungeon.
You were a hulking beast.
You visited 1 branch of the dungeon, and saw 2 of its levels.

You collected 68 gold pieces.

Inventory:

Armour
 a - a +0 animal skin (worn)
Talismans
 c - a beast talisman (active)
Scrolls
 e - 2 scrolls of amnesia {unknown}
 h - 3 scrolls of identify {unknown}
Potions
 b - a potion of lignification
 d - a potion of invisibility {unknown}
 f - 2 potions of curing {unknown}
 g - a potion of mutation {unknown}
 i - a potion of degeneration {unknown}
 j - a potion of berserk rage {unknown}


   Skills:
 - Level 1.0 Fighting
 - Level 1.7 Dodging
 + Level 3.4 Unarmed Combat
 + Level 3.2 Shapeshifting


You had 2 spell levels left.
You didn't know any spells.
Your spell library contained the following spells:

 Spells                   Type           Power      Damage    Failure   Level
 Freeze                   Ice            0%         1d3       38%         1
 Frozen Ramparts          Ice            0%         1d1       77%         3
 Hailstorm                Conj/Ice       0%         3d3       77%         3


Dungeon Overview and Level Annotations

Branches:
Dungeon (2/15)

Altars:


Innate Abilities, Weirdness & Mutations

You are a hulking beast.
Your limbs bulge with bestial killing power. (Slay +2)
You are surrounded by a mild repulsion field. (EV +2)
A weak demonic guardian rushes to your aid.


Message History

You take 7 damage, and have 12/26 hp.
MASSIVE DAMAGE!!
You are too injured to fight recklessly!
You are too injured to fight recklessly!
You are too injured to fight recklessly!
You are too injured to fight recklessly!
You are too injured to fight recklessly!
You are too injured to fight recklessly!
You are too injured to fight recklessly!
You are too injured to fight recklessly!
You are too injured to fight recklessly!
You are too injured to fight recklessly!
You are too injured to fight recklessly!
You are too injured to fight recklessly!
You are too injured to fight recklessly!
You are too injured to fight recklessly!
You are too injured to fight recklessly!
You barely miss the black bear.
The black bear is lightly wounded.
The black bear closely misses you. The black bear completely misses you.
The black bear claws you.
You take 2 damage, and have 10/26 hp.
You hit the black bear.
The black bear is moderately wounded.
The black bear bites you.
* * * LOW HITPOINT WARNING * * *
The black bear misses you. The black bear barely misses you.
You take 4 damage, and have 6/26 hp.
You have nothing you can fire or use right now.
Unknown command.
Okay, then.
You closely miss the black bear.
The black bear is moderately wounded.
The black bear closely misses you. The black bear claws you.
* * * LOW HITPOINT WARNING * * *
A demonic guardian appears!
The black bear closely misses you.
You take 4 damage, and have 2/26 hp.
You hit the black bear.
The black bear is moderately wounded.
The black bear bites you.
You die...

# ### #> ...
#.# ..#
##..##.#
#.......
#......#
#...5.h## #h.#
##.#
#####'####
#........##
#.........# ##
#.........# #.
#.........# #.
#.........# #.
#.........####
#.


You could see a black bear (ally target) and a friendly white imp (summoned).

Vanquished Creatures
  An adder (D:2)
  4 ball pythons (D:2)
  4 bats
  An endoplasm (D:1)
  3 giant cockroaches (D:1)
  4 goblins (D:1)
  5 hobgoblins
  2 jackals (D:1)
  A quokka (D:1)
  2 frilled lizards
  A kobold (D:1)
  A rat (D:2)
29 creatures vanquished.

Vanquished Creatures (collateral kills)
  A goblin (D:1)
1 creature vanquished.

Grand Total: 30 creatures vanquished

Notes
Turn   | Place    | Note
-------+----------+-------------------------------------------
     0 | D:1      | Dirtsage the Demonspawn Shapeshifter began the quest for
                  | the Orb.
     0 | D:1      | Reached XP level 1. HP: 15/15 MP: 1/1
    74 | D:1      | Gained mutation: A weak demonic guardian rushes to your
                  | aid. [demonic ancestry]
    74 | D:1      | Reached XP level 2. HP: 15/21 MP: 2/2
   682 | D:2      | Gained mutation: You are surrounded by a mild repulsion
                  | field. (EV +2) [demonic ancestry]
   682 | D:2      | Reached XP level 3. HP: 8/26 MP: 3/3
   835 | D:2      | Found Coic's Armour Shop.
   911 | D:2      | Noticed a black bear
   922 | D:2      | Slain by a black bear

Illustrated notes

Levels and vault maps discovered:
D:1:      shiori_arrival_oz, layout_rooms
D:2:      layout_basic, serial_shops, nicolae_shop_tiny_glass

Skill      XL: |  1  2 |
---------------+-------+-----
Unarmed Combat | 3 |  3.4
Shapeshifting  | 3 |  3.2
Fighting       | |  1.0
Dodging        | |  1.7

Action                     || total
---------------------------++-------
  Melee: Unarmed           ||    98
         Punch             ||     2
 Armour: Animal skin       ||    12
  Dodge: Dodged            ||    65

Table legend: (Time is in decaauts)
 A = Elapsed time spent in this place.
 B = Non-inter-level travel time spent in this place.
 C = Inter-level travel time spent in this place.
 D = Time resting spent in this place.
 E = Time spent auto-exploring this place.
 F = Levels seen in this place.
 G = Mean time per level.
                   A        B        C        D        E       F      G
               +--------+--------+--------+--------+--------+-----+--------+
         Total |    916 |    899 |     17 |      0 |    705 |   2 |  458.0 |
       Dungeon |    916 |    899 |     17 |      0 |    705 |   2 |  458.0 |
               +--------+--------+--------+--------+--------+-----+--------+

Top non-repeatable levels by time:
     D:1: 646 daAuts
     D:2: 270 daAuts
